 Dungeon Crawl Stone Soup version 0.26-a0-1213-gd52f5182fe (webtiles) character file.

Game seed: 2350468815731709181

31045 Shayle the Dealer of Despair (level 13, -14/109 (110) HPs)
             Began as a Palentonga Necromancer on Dec 30, 2020.
             Was an Elder of Kikubaaqudgha.
             Demolished by a blink frog (45 damage)
             ... on level 6 of the Lair of Beasts.
             The game lasted 01:28:06 (25198 turns).

Shayle the Dealer of Despair (PaNe)                Turns: 25198, Time: 01:28:06

HP:   -14/109 (110) AC: 15    Str: 10    XL:     13   Next: 23%
MP:   31/31         EV: 15    Int: 19    God:    Kikubaaqudgha [****..]
Gold: 918           SH:  0    Dex: 14    Spells: 6/25 levels left

rFire    . . .     SeeInvis +   K - +5 quarterstaff of Theory {holy, +Blink +Rage rN++ Str-4}
rCold    . . .     Faith    .   (shield currently unavailable)
rNeg     + + .     Spirit   .   u - +0 leather armour
rPois    .         Reflect  .   T - +1 helmet "Acealenu" {*Drain Dex+4 SInv}
rElec    .         Harm     .   (no cloak)
rCorr    .         Rampage  .   x - +1 pair of gloves
Will     .....                  (no barding)
Stlth    +.........             W - amulet of regeneration
HPRegen  0.68/turn              l - ring of magical power
MPRegen  0.22/turn              M - ring of wizardry

@: sleeping, hasted, lightly drained, curled up
A: large, rugged brown scales 3, see invisible, deformed body, roll 1, armoured
tail, reflexive curl
a: Rolling Charge, Renounce Religion, Evoke Blink, Evoke Berserk Rage, Receive
Corpses


You were on level 6 of the Lair of Beasts.
You worshipped Kikubaaqudgha.
Kikubaaqudgha was greatly pleased with you.
You visited 3 branches of the dungeon, and saw 18 of its levels.
You also visited: Sewer and Ossuary.

You collected 918 gold pieces.

Inventory:

Hand Weapons
 d - a +2 dagger of distortion
 j - a +2 dagger of draining
 y - a +2 broad axe
 G - a +4 dagger
 K - the +5 quarterstaff of Theory (weapon) {holy, +Blink +Rage rN++ Str-4}
   (You found it on level 5 of the Lair of Beasts)

   It has been blessed by the Shining One to cause great damage to the undead
   and demons.
   It affects your strength (-4).
   It greatly protects you from negative energy.
   It lets you blink.
   It lets you go berserk.
 S - a +2 scimitar of holy wrath
 U - a +0 rapier of venom
Armour
 a - a +0 robe
 k - a +0 helmet
 u - a +0 leather armour (worn)
 x - a +1 pair of gloves (worn)
 z - a cursed +0 ring mail
 H - a +2 robe of fire resistance
 O - a +0 buckler
 T - the +1 helmet "Acealenu" (worn) {*Drain Dex+4 SInv}
   (You found it on level 8 of the Dungeon)

   It affects your dexterity (+4).
   It lets you see invisible.
   It causes draining when unequipped.
Magical Staves
 D - an uncursed staff of conjuration {unknown}
Jewellery
 h - an uncursed amulet of magic regeneration {unknown}
 l - a ring of magical power (left hand)
 E - an uncursed ring of stealth
 F - an uncursed ring of positive energy
 M - a ring of wizardry (right hand)
 N - an uncursed ring of positive energy
 Q - the ring of Ojumy {+Fly Int+3}
   (You took it off an orc on level 8 of the Dungeon)

   [ring of flight]

   It affects your intelligence (+3).
   It lets you fly.
 R - an uncursed ring of ice
 W - an amulet of regeneration (around neck)
 X - an uncursed ring of willpower {unknown}
Wands
 f - a wand of digging (5)
 V - a wand of iceblast (2)
 Z - a wand of flame (22)
Scrolls
 b - 4 scrolls of magic mapping
 e - a scroll of fog
 p - 4 scrolls of remove curse
 q - 2 scrolls of identify
 r - a scroll of teleportation
 t - 5 scrolls of immolation
 v - a scroll of amnesia
 I - 3 scrolls of enchant armour
 J - a scroll of enchant weapon
 Y - a scroll of fear
Potions
 c - 4 potions of haste
 g - 2 potions of brilliance
 i - a potion of magic {unknown}
 m - 9 potions of lignification
 n - 5 potions of cancellation
 o - 4 potions of flight
 s - 4 potions of berserk rage
 w - a potion of invisibility {unknown}
 A - a potion of attraction
 B - 3 potions of mutation
 C - a potion of resistance {unknown}
 L - 2 potions of curing
 P - a potion of might


   Skills:
 - Level 6.4 Fighting
 + Level 9.2 Axes
 + Level 9.6 Dodging
 - Level 1.2 Stealth
 + Level 2.5 Shields
 - Level 6.6 Spellcasting
 + Level 9.8 Necromancy
 + Level 6.6 Ice Magic
 - Level 8.0 Evocations


You had 6 spell levels left.
You knew the following spells:

 Your Spells              Type           Power        Failure   Level
a - Pain                  Necr           100%         1%          1
b - Vampiric Draining     Necr           21%          1%          3
c - Animate Dead          Necr           21%          1%          4
d - Agony                 Necr           43%          2%          5
e - Simulacrum            Ice/Necr       18%          28%         6

Your spell library contained the following spells:

 Spells                   Type           Power        Failure   Level
 Animate Skeleton         Necr           86%          1%          1
 Freeze                   Ice            100%         1%          1
 Corpse Rot               Necr/Air       N/A          1%          2
 Sublimation of Blood     Necr           21%          1%          2
 Frozen Ramparts          Ice            62%          1%          3
 Dispel Undead            Necr           43%          1%          4
 Excruciating Wounds      Necr           21%          2%          5
 Summon Small Mammal      Summ           24%          6%          1
 Call Imp                 Summ           6%           9%          2
 Passwall                 Tmut/Erth      5%           9%          2
 Summon Ice Beast         Ice/Summ       18%          16%         4
 Call Canine Familiar     Summ           6%           17%         3
 Confusing Touch          Hex            6%           17%         3
 Gell's Gravitas          Tloc           3%           17%         3
 Ignite Poison            Fire/Tmut/Pois 6%           17%         3
 Summon Guardian Golem    Hex/Summ       6%           17%         3
 Metabolic Englaciation   Hex/Ice        9%           38%         5
 Petrify                  Tmut/Erth      6%           47%         4
 Summon Lightning Spire   Summ/Air       6%           47%         4
 Yara's Violent Unravell  Hex/Tmut       3%           82%         5
 Haunt                    Necr/Summ      12%          99%         7
 Borgnjor's Revivificati  Necr           21%          99%         8
 Infestation              Necr           21%          99%         8
 Necromutation            Tmut/Necr      12%          100%        8
 Death's Door             Necr           21%          100%        9


Dungeon Overview and Level Annotations

Branches:
Dungeon (11/15)            Temple (1/1) D:4            Lair (6/6) D:10
 Shoals (0/4) Lair:3        Snake (0/4) Lair:3        Slime (0/5) Lair:5
    Orc (0/2) D:9           Sewer (visited)         Ossuary (visited)

Altars:
Gozag
Kikubaaqudgha
Makhleb
Nemelex Xobeh
Qazlal
Trog
Wu Jian
Xom
Zin
The Shining One
Jiyva

Portals:
Ice
Cave: Lair:6

Annotations:
D:5 Eustachio
Lair:3 1 runed translucent door
Lair:5 exclusion: 2 oklob plants


Innate Abilities, Weirdness & Mutations

You are completely covered in rugged brown scales. (AC +3, +7% HP)
You have supernaturally acute eyesight. (SInv)
Armour fits poorly on your strangely shaped body.
You can roll at nearby foes to attack.
You have a long armoured tail.
You curl defensively after being hit.


Message History

The cane toad is engulfed in calcifying dust.
The cane toad is moving more slowly.
The yak is engulfed in calcifying dust.
The yak is moving more slowly.
The dream sheep are wreathed in dream dust.
You feel drowsy...
You fall asleep.
The dream sheep is engulfed in calcifying dust.
The dream sheep is moving more slowly.
The cane toad barely misses you.
Your surroundings suddenly seem different.
Found a green potion.
Found a stone staircase leading up.
An elephant and 4 blink frogs come into view.
The blink frog croaks.
You hear a croak.
The blink frog gives a loud, deep croak!
The blink frog blinks!
The elephant moves out of view.
The blink frog moves out of view.
The blink frog blinks! x2
A blink frog comes into view.
The blink frog hits you!!!
You die...
Kikubaaqudgha rasps: "You have failed me!
Welcome... death!"

*,,,,,,,,,,,*,****,***,,
*,,,,,,*,..,*##*,*,,**,,
**,,,,,,,.#*#.#,,,,,*,,,
#,,,,,,,,.##.#.,,****,,*
*^#,**,*#......,** **,,
*,..**,,..F...P,* **,
*,*#.,**.......,* *,,
*,*#F.##F......,** ***
**,,*#.@.......,,** *
*,*,*#F#.......,,,* **
*,,,F..,.......,,** *∩
*,.....,.......,,** **
#.....<,...!...,,,** *
#.#....,.......*,,,*
#*.#...*#P....#*****
######**##..##******
****,,***,,,*,*


You could see 5 blink frogs.

Vanquished Creatures
  A boulder beetle (Lair:5)
  Fannar (Lair:2)
  A hydra (Lair:3)
  A two-headed ogre (D:9)
  3 death yaks
  Sonja (Lair:2)
  Nergalle (Lair:1)
  An unseen horror (D:10)
  A manticore (D:10)
  4 elephants (Lair:3)
  A black mamba (Lair:5)
  Joseph (Lair:1)
  A torpor snail (Lair:5)
  11 cane toads
  A polar bear (Lair:1)
  A rime drake (Lair:4)
  3 komodo dragons
  4 blink frogs
  Sigmund (D:3)
  2 wyverns
  37 yaks
  A basilisk (Lair:2)
  2 acid dragons
  4 nagas (Lair:3)
  9 water moccasins
  5 orc warriors
  A phantom (D:8)
  A black bear (D:7)
  5 ogres
  10 wolves (Lair:4)
  5 centaurs
  Blork the orc (D:5)
  15 bullfrogs
  A scorpion (D:10)
  A wyvern skeleton (D:9)
  5 killer bees
  2 wights (D:6)
  2 howler monkeys
  A quasit (D:8)
  5 orc priests
  7 hounds
  4 jellies
  8 orc wizards
  3 human zombies (Ossuary)
  2 bullfrog skeletons
  4 iguanas
  3 worker ants
  A big kobold zombie (Ossuary)
  A hound skeleton (D:8)
  A hound zombie (Ossuary)
  2 mummies (Ossuary)
  A worker ant zombie (D:10)
  A gnoll (D:3)
  A howler monkey skeleton (D:9)
  15 adders
  4 river rats
  3 shadow imps
  A white imp (D:10)
  5 ufetubi
  2 oozes (D:1)
  An adder zombie (D:10)
  4 worms
  A dart slug (D:4)
  8 leopard geckos
  39 orcs
  13 ball pythons
  8 bats
  6 giant cockroaches
  6 goblins
  8 hobgoblins
  13 jackals
  7 kobolds
  3 frilled lizards
  A gnoll zombie (Ossuary)
  A jackal skeleton (D:8)
  A jackal zombie (Ossuary)
  2 kobold zombies (Ossuary)
  An orc zombie (Ossuary)
  35 rats
  A rat zombie (Ossuary)
382 creatures vanquished.

Vanquished Creatures (collateral kills)
  4 hydras (Lair:5)
  2 death yaks (Lair:3)
  2 cane toads (Lair:4)
  A komodo dragon (Lair:5)
  3 blink frogs (Lair:3)
  18 yaks
  3 water moccasins
  2 wolves (Lair:4)
  2 bullfrogs (Lair:5)
  A scorpion (Lair:4)
  2 mummies (Ossuary)
  A rat zombie (Ossuary)
41 creatures vanquished.

Vanquished Creatures (others)
  A cane toad (Lair:1)
  A bush (Lair:4)
  35 fungi
  70 plants
107 creatures vanquished.

Grand Total: 530 creatures vanquished

Notes
Turn   | Place    | Note
-------+----------+-------------------------------------------
     0 | D:1      | Shayle the Palentonga Necromancer began the quest for the
                  | Orb.
     0 | D:1      | Reached XP level 1. HP: 14/14 MP: 3/3
   453 | D:1      | Reached XP level 2. HP: 19/23 MP: 0/5
   568 | D:1      | Reached skill level 1 in Fighting
   731 | D:2      | You fall into a shaft and drop 2 floors!
   926 | D:4      | Found a staircase to the Ecumenical Temple.
  1045 | D:4      | Reached XP level 3. HP: 4/29 MP: 6/6
  1049 | D:4      | Learned a level 3 spell: Vampiric Draining
  1172 | D:4      | HP: 1/29 [river rat (4)]
  1210 | D:4      | Found a glowing drain.
  1214 | Sewer    | Entered a sewer
  1634 | Sewer    | Reached XP level 4. HP: 31/38 MP: 1/8
  2251 | Sewer    | Noticed a bullfrog
  2254 | Sewer    | Noticed a bullfrog
  2256 | Sewer    | Reached XP level 5. HP: 44/44 MP: 5/9
  2268 | Sewer    | Reached XP level 6. HP: 24/54 MP: 0/11
  2473 | Sewer    | Learned a level 4 spell: Animate Dead
  4664 | D:3      | Noticed Sigmund
  4728 | D:3      | Found a shimmering altar of Xom.
  4731 | D:3      | Killed Sigmund
  4732 | D:3      | Gained mutation: You curl defensively after being hit.
                  | [Palentonga growth]
  4732 | D:3      | Reached XP level 7. HP: 63/63 MP: 11/13
  4879 | Temple   | Entered the Ecumenical Temple
  4884 | Temple   | Became a worshipper of Kikubaaqudgha
  5442 | D:5      | Entered Level 5 of the Dungeon
  5454 | D:5      | Noticed Eustachio
  5688 | D:5      | Noticed Blork the orc
  5694 | D:5      | Killed Blork the orc
  5891 | D:6      | Reached skill level 5 in Spellcasting
  6271 | D:6      | Reached skill level 5 in Fighting
  6405 | D:6      | Reached * piety under Kikubaaqudgha
  6405 | D:6      | Identified Kikubaaqudgha's Almanac of Unholy Arts
                  | (Kikubaaqudgha gifted it to you on level 6 of the Dungeon)
  6405 | D:6      | Received a gift from Kikubaaqudgha
  6498 | D:6      | Reached XP level 8. HP: 38/72 MP: 12/15
  7731 | D:7      | Reached skill level 5 in Dodging
  9569 | D:8      | Noticed a rakshasa
  9684 | D:8      | Found a sand-covered staircase.
  9696 | Ossuary  | Entered an ossuary
  9740 | Ossuary  | Reached ** piety under Kikubaaqudgha
 10399 | D:8      | Reached skill level 1 in Axes
 10399 | D:8      | Reached XP level 9. HP: 83/83 MP: 18/18
 10434 | D:8      | Reached skill level 1 in Evocations
 12203 | D:9      | Noticed a two-headed ogre
 12351 | D:9      | Killed a two-headed ogre
 12352 | D:9      | Reached skill level 5 in Necromancy
 12756 | D:8      | Identified the ring of Ojumy {+Fly Int+3}
 12779 | D:8      | Reached *** piety under Kikubaaqudgha
 12779 | D:8      | Identified Kikubaaqudgha's Almanac of Sinister Arts
                  | (Kikubaaqudgha gifted it to you on level 8 of the Dungeon)
 12779 | D:8      | Received a gift from Kikubaaqudgha
 12882 | D:8      | Found a bloodstained altar of Trog.
 12885 | D:8      | Found a burning altar of Makhleb.
 12885 | D:8      | Found a sparkling altar of Nemelex Xobeh.
 12885 | D:8      | Found a stormy altar of Qazlal.
 13019 | D:8      | Learned a level 5 spell: Agony
 13026 | D:8      | Learned a level 6 spell: Simulacrum
 13084 | D:8      | Got a polished helmet
 13089 | D:8      | Identified the Reference Book on the Frostbite and Moulding
 13101 | D:8      | Identified the +1 helmet "Acealenu" {*Drain Dex+4 SInv}
                  | (You found it on level 8 of the Dungeon)
 13287 | D:10     | Entered Level 10 of the Dungeon
 13467 | D:9      | HP: 2/83 [orc warrior/+0 glaive (19)]
 13469 | D:9      | Reached XP level 10. HP: 3/89 MP: 19/19
 14056 | D:9      | Found a staircase to the Orcish Mines.
 14218 | D:10     | Noticed a manticore
 14401 | D:10     | Reached skill level 1 in Ice Magic
 14471 | D:10     | Killed a manticore
 14907 | D:10     | Noticed an unseen horror
 14914 | D:10     | Reached **** piety under Kikubaaqudgha
 14929 | D:10     | Killed an unseen horror
 14930 | D:10     | Reached skill level 5 in Axes
 15227 | D:10     | Found a staircase to the Lair.
 15304 | D:10     | Reached skill level 5 in Evocations
 15652 | Lair:1   | Entered Level 1 of the Lair of Beasts
 15772 | Lair:1   | Noticed a cane toad
 15932 | Lair:1   | Noticed a cane toad
 15940 | Lair:1   | Killed a cane toad
 15941 | Lair:1   | Reached XP level 11. HP: 65/97 MP: 16/20
 16300 | Lair:1   | Noticed Joseph
 16321 | Lair:1   | Killed Joseph
 17152 | Lair:2   | Noticed Sonja
 17165 | Lair:2   | Killed Sonja
 17459 | Lair:2   | Noticed Fannar
 17490 | Lair:2   | Killed Fannar
 17795 | Lair:2   | Noticed an eight-headed hydra
 17985 | Lair:2   | Noticed Nergalle
 17996 | Lair:1   | Killed Nergalle
 18673 | Lair:2   | You fall into a shaft and drop 1 floor!
 19019 | Lair:3   | Found a runed translucent door.
 19025 | Lair:3   | Noticed a fire crab
 19041 | Lair:3   | Found a staircase to the Shoals.
 19215 | Lair:3   | Reached skill level 5 in Ice Magic
 19215 | Lair:3   | Reached XP level 12. HP: 63/103 MP: 7/21
 19764 | Lair:3   | Found a staircase to the Snake Pit.
 19916 | Lair:3   | Reached ***** piety under Kikubaaqudgha
 20106 | Lair:3   | Noticed a five-headed hydra
 20167 | Lair:3   | Killed a five-headed hydra
 21050 | Lair:4   | Noticed a death yak
 21050 | Lair:4   | Noticed a death yak
 21050 | Lair:4   | Noticed a death yak
 21058 | Lair:4   | Noticed a death yak
 21059 | Lair:4   | Noticed a death yak
 21071 | Lair:3   | Killed a death yak
 21199 | Lair:3   | Killed a death yak
 21202 | Lair:3   | Killed a death yak
 21294 | Lair:3   | Killed a death yak
 21430 | Lair:4   | Killed a death yak
 22325 | Lair:4   | Reached skill level 1 in Shields
 23469 | Lair:5   | Noticed an eight-headed hydra
 23477 | Lair:5   | Killed an eight-headed hydra
 23478 | Lair:5   | Reached XP level 13. HP: 97/110 MP: 2/22
 23639 | Lair:5   | Found a staircase to the Slime Pits.
 23639 | Lair:5   | Found a viscous altar of Jiyva.
 24087 | Lair:5   | Got an iridescent quarterstaff
 24088 | Lair:5   | Identified the +5 quarterstaff of Theory {holy, +Blink
                  | +Rage rN++ Str-4} (You found it on level 5 of the Lair of
                  | Beasts)
 25128 | Lair:5   | You fall into a shaft and drop 1 floor!
 25128 | Lair:6   | Entered Level 6 of the Lair of Beasts
 25152 | Lair:6   | Found a frozen archway.
 25198 | Lair:6   | Demolished by a blink frog

Illustrated notes

Levels and vault maps discovered:
D:1:      heliophobic_arrival_glass_houses, layout_basic
D:2:      layout_loops_ring
D:3:      layout_rooms, overflow_temple_1_default, serial_aquarium,
          aquarium_bridge_square [aquarium_subvault_bridge,
          aquarium_subvault_bridge, aquarium_subvault_wall,
          aquarium_subvault_wall], aquarium_window_1, aquarium_window_2,
          aquarium_window_2, aquarium_window_corridor_3, aquarium_view_2d,
          kennysheep_generic_room_7, uniq_sigmund
D:4:      layout_loops_ring, minmay_temple_entry_glassed_door,
          gup_sewer_entry_spiral
D:5:      layout_basic, serial_shops, shop, uniq_blork_the_orc, uniq_eustachio,
          uniq_pikel, uniq_ijyb, uniq_duvessa
D:6:      layout_cave_pods
D:7:      layout_loops_cross
D:8:      minmay_the_grid_octo_tiled_squarecenter [minmay_the_grid_octo_shrine,
          minmay_the_grid_octo_tetromino_candy,
          minmay_the_grid_octo_checkerflower, minmay_the_grid_octo_toaster,
          minmay_the_grid_square_5x5_megaprize_crossed,
          minmay_the_grid_square_5x5_sharp_hourglass,
          minmay_the_grid_square_5x5_inverted_slash,
          minmay_the_grid_square_5x5_eight,
          minmay_the_grid_square_5x5_broken_cross], layout_rooms,
          lightli_ossuary_entry_decrepit_ruins, gammafunk_ghost_gnarly_gnolls
D:9:      layout_rooms, orc_0_dummy
D:10:     layout_roguey, david_lair_shrubbed, serial_shops,
          nicolae_shop_statue_plus, serial_curves, eino_curves_01,
          eino_curves_04, grunt_ministairs_4, st_stairs_7,
          chequers_serial_rivers_micro_b, minmay_joined_circles
D:11:     layout_basic, minmay_misc_feat_secret_circle,
          chequers_serial_rivers_micro_b, lemuel_angel_altar
Temple:   nicolae_temple_the_god_donut
Lair:1:   layout_cave_pods, uniq_joseph
Lair:2:   layout_cave_pods, uniq_sonja, uniq_fannar, uniq_nergalle
Lair:3:   gammafunk_mikee_crab_dinner, layout_regular_city,
          elwin_shoals_entry_rocks, minmay_snake_entry_guardpost_small
Lair:4:   layout_loops_ring, grunt_megastairs_3
Lair:5:   layout_long_grid, slime_altar_1, lemuel_fruit_fields,
          grunt_megastairs_1, minmay_lair_oklob_chamber, serial_bayou_shore_b
Lair:6:   evilmike_catoblepas_cave, layout_cave_pods,
          nicolae_volcano_entry_s_turn, portal_ice_cave_entry_pillars_1,
          st_stairs_7, chequers_serial_rivers_micro_c, minivault_11,
          hibernation_bobbens, lemuel_fruit_fields

Skill      XL: |  1  2  3  4  5  6  7  8  9 10 11 12 13 |
---------------+----------------------------------------+-----
Fighting       | 1 2 3 4 5 6 |  6.4
Dodging        | 2 3 4 5 6 7 8 9 |  9.6
Spellcasting   | 3 4 5 6 |  6.6
Axes           | 1 4 5 7 8 9 |  9.2
Evocations     | 3 5 6 7 8 |  8.0
Necromancy     | 5 6 8 9 |  9.8
Ice Magic      | 3 5 6 |  6.6
Shields        | 1 2 |  2.5
Stealth        | |  1.2

Action                   |  1- 3 |  4- 6 |  7- 9 | 10-12 | 13-15 || total
-------------------------+-------+-------+-------+-------+-------++-------
Melee: Unarmed           |     6 |       |       |       |       ||     6
       Tailslap          |     3 |    17 |    51 |    53 |    12 ||   136
       Flail             |    30 |   225 |    54 |       |       ||   309
       Whip              |     4 |       |       |       |       ||     4
       Broad axe         |       |       |   466 |   400 |    30 ||   896
       Quarterstaff      |       |       |       |       |    12 ||    12
 Cast: Pain              |    29 |     2 |     2 |    11 |     3 ||    47
       Vampiric Draining |     8 |    14 |    67 |   162 |    14 ||   265
       Agony             |       |       |       |    71 |    11 ||    82
       Animate Dead      |       |       |       |    29 |    14 ||    43
       Simulacrum        |       |       |       |     8 |     5 ||    13
Invok: Receive Corpses   |       |       |       |     3 |     7 ||    10
 Abil: Rolling Charge    |       |     1 |    12 |     6 |       ||    19
Evoke: Wand              |       |       |    16 |    27 |       ||    43
  Use: Potion            |       |     3 |     8 |     2 |     1 ||    14
       Scroll            |       |       |    13 |    21 |     4 ||    38
 Stab: Sleeping          |     1 |       |     3 |       |       ||     4
       Distracted        |       |       |       |     1 |       ||     1
Armor: Robe              |    23 |   137 |       |       |       ||   160
       Leather armour    |       |    10 |   409 |   175 |    46 ||   640
Dodge: Dodged            |    43 |   236 |   691 |   538 |    96 ||  1604

Table legend: (Time is in decaauts)
 A = Elapsed time spent in this place.
 B = Non-inter-level travel time spent in this place.
 C = Inter-level travel time spent in this place.
 D = Time resting spent in this place.
 E = Time spent auto-exploring this place.
 F = Levels seen in this place.
 G = Mean time per level.
                   A        B        C        D        E       F      G
               +--------+--------+--------+--------+--------+-----+--------+
         Total |  25967 |  25607 |    360 |  11340 |   6369 |  20 | 1298.3 |
       Dungeon |  14169 |  13958 |    211 |   5668 |   4126 |  11 | 1288.1 |
        Temple |     10 |     10 |      0 |      0 |      0 |   1 |   10.0 |
          Lair |   9679 |   9530 |    149 |   4579 |   1984 |   6 | 1613.2 |
         Sewer |   1414 |   1414 |      0 |    778 |     73 |   1 | 1414.0 |
       Ossuary |    692 |    692 |      0 |    315 |    185 |   1 |  692.0 |
               +--------+--------+--------+--------+--------+-----+--------+

Top non-repeatable levels by time:
  Lair:3: 2827 daAuts
  Lair:4: 2430 daAuts
     D:8: 2402 daAuts
     D:6: 2217 daAuts
     D:7: 2139 daAuts
  Lair:1: 1684 daAuts
    D:10: 1478 daAuts
   Sewer: 1414 daAuts
     D:4: 1400 daAuts
  Lair:2: 1397 daAuts
     D:9: 1345 daAuts
     D:1: 1286 daAuts
  Lair:5: 1276 daAuts
     D:3: 977 daAuts
     D:2: 793 daAuts
